 Dungeon Crawl Stone Soup version 0.27-a0-1280-g9d2d252d84 (webtiles) character file.

Game seed: 6536148351734476757

363 Glokmah the Sneak (level 7, -2/48 HPs)
             Began as a Human Enchanter on June 13, 2021.
             Was a Follower of Uskayaw.
             Succumbed to a scorpion's poison
             ... on level 4 of the Dungeon.
             The game lasted 00:10:50 (5722 turns).

Glokmah the Sneak (Human Enchanter)                 Turns: 5722, Time: 00:10:51

Health: -2/48      AC:  5    Str: 10    XL:     7   Next: 0%
Magic:  6/10       EV: 12    Int: 15    God:    Uskayaw [*.....]
Gold:   121        SH:  0    Dex: 14    Spells: 6/11 levels left

rFire    . . .     SeeInvis .   a - +1 short sword (speed)
rCold    . . .     Faith    .   (no shield)
rNeg     . . .     Spirit   .   l - +0 leather armour
rPois    .         Reflect  .   (no helmet)
rElec    .         Harm     .   (no cloak)
rCorr    .         Rampage  .   (no gloves)
Will     .....                  p - +1 pair of boots
Stlth    ++........             (no amulet)
HPRegen  0.16/turn              (no ring)
MPRegen  0.12/turn              (no ring)

@: brilliant, lethally poisoned (-2 -> -22)
A: no striking features
a: Renounce Religion, Stomp


You were on level 4 of the Dungeon.
You worshipped Uskayaw.
Uskayaw was noncommittal.
You visited 1 branch of the dungeon, and saw 4 of its levels.

You collected 121 gold pieces.

Inventory:

Hand Weapons
 a - a +1 short sword of speed (weapon)
 b - a +1 hunting sling of flaming
 h - a +2 dagger
Missiles
 c - 146 stones
 j - 16 poisoned darts
 m - 7 boomerangs (quivered)
 v - 4 javelins
Armour
 l - a +0 leather armour (worn)
 p - a +1 pair of boots (worn)
Jewellery
 r - an amulet of magic regeneration
Wands
 s - a wand of acid (9)
Scrolls
 d - 3 scrolls of teleportation
 e - 2 scrolls of identify
 g - a scroll of vulnerability
 k - a scroll of amnesia
 n - a scroll of noise
 o - a scroll of fog {unknown}
Potions
 f - a potion of flight
 q - a potion of heal wounds {unknown}
 u - a potion of attraction {unknown}


   Skills:
 + Level 1.5 Fighting
 * Level 2.7 Short Blades
 - Level 1.0 Throwing
 + Level 2.7 Dodging
 * Level 4.3 Stealth
 + Level 2.6 Spellcasting
 * Level 4.1 Hexes
 + Level 1.2 Ice Magic
 * Level 1.7 Invocations


You had 6 spell levels left.
You knew the following spells:

 Your Spells              Type           Power      Damage    Failure   Level
b - Ensorcelled Hibernat  Hex/Ice        30%        N/A       14%         2
c - Confusing Touch       Hex            21%        N/A       16%         3

Your spell library contained the following spells:

 Spells                   Type           Power      Damage    Failure   Level
 Corona                   Hex            23%        N/A       5%          1
 Tukima's Dance           Hex            21%        N/A       16%         3
 Beastly Appendage        Tmut           4%         N/A       28%         1
 Dazzling Flash           Conj/Hex       24%        N/A       36%         3
 Wereblood                Tmut           2%         N/A       41%         2
 Spider Form              Tmut/Pois      1%         N/A       65%         3
 Ice Form                 Ice/Tmut       5%         N/A       91%         4


Dungeon Overview and Level Annotations

Branches:
Dungeon (4/15)
 Temple: D:4-7

Altars:
Hepliaklqana
Uskayaw
Zin


Message History

The scorpion poisons you!
You hit the scorpion.
The scorpion is heavily wounded.
You feel sick. The scorpion stings you.
You hit the scorpion but do no damage.
The scorpion is heavily wounded.
You feel sick.
You hit the scorpion.
The scorpion is heavily wounded.
You feel sick. The scorpion stings you.
You are more poisoned.
The scorpion poisons you!
You can now pass through a line of other dancers.
You hit the scorpion.
The scorpion is severely wounded.
You feel very sick. The scorpion stings you.
You closely miss the scorpion.
The scorpion is severely wounded.
You feel very sick. The scorpion stings you.
* * * LOW HITPOINT WARNING * * *
You are more poisoned.
The scorpion poisons you!
Aiming: Line Pass
Press: ? - help, Dir - move target The scorpion appears confused.
You can no longer pass through a line of other dancers.
* * * LOW HITPOINT WARNING * * *
You feel very sick. The scorpion stings you.
* * * LOW HITPOINT WARNING * * *
Okay, then.
You hit the scorpion.
The scorpion is almost dead.
* * * LOW HITPOINT WARNING * * *
You feel very sick.
It was a potion of brilliance.
You feel clever all of a sudden.
You die...

***,* *,* * *,*
##.* *,* #..* *,*
#.#* ***,* #.#
,,,,* #.#
########### #.#
..........# #.#
.########.# #@# .#
####.# #.# .#
#....######s#
######...........#
#≈..##..##########
..≈.b#..#
#≈≈≈##..#
######..# ####


You could see a scorpion (confused).

Vanquished Creatures
  An ogre (D:4)
  A bullfrog (D:4)
  An orc wizard (D:3)
  A howler monkey zombie (D:4)
  9 gnolls
  An adder (D:3)
  4 worms
  A dart slug (D:1)
  3 orcs (D:4)
  8 bats
  7 endoplasms
  4 giant cockroaches
  8 goblins
  4 hobgoblins
  2 jackals (D:1)
  2 quokkas
  4 ball pythons
  6 frilled lizards
  3 kobolds
  7 rats
77 creatures vanquished.

Vanquished Creatures (others)
  7 fungi (D:4)
  2 plants (D:1)
9 creatures vanquished.

Grand Total: 86 creatures vanquished

Notes
Turn   | Place    | Note
-------+----------+-------------------------------------------
     0 | D:1      | Glokmah the Human Enchanter began the quest for the Orb.
     0 | D:1      | Reached XP level 1. HP: 13/13 MP: 3/3
   281 | D:1      | Reached XP level 2. HP: 19/19 MP: 5/5
   284 | D:1      | Learned a level 2 spell: Ensorcelled Hibernation
   497 | D:1      | Reached XP level 3. HP: 22/25 MP: 3/6
  1153 | D:1      | Found a faded altar of an unknown god.
  2148 | D:2      | Learned a level 3 spell: Confusing Touch
  2265 | D:2      | Reached XP level 4. HP: 23/31 MP: 0/7
  3311 | D:3      | Found a glowing silver altar of Zin.
  3313 | D:3      | Found a hazy altar of Hepliaklqana.
  3315 | D:3      | Found a hide-covered altar of Uskayaw.
  3319 | D:3      | Became a worshipper of Uskayaw the Reveller
  3577 | D:3      | Reached * piety under Uskayaw
  4090 | D:2      | Reached XP level 5. HP: 25/36 MP: 5/8
  4104 | D:2      | Reached ** piety under Uskayaw
  4393 | D:4      | Noticed an ogre
  4407 | D:4      | Reached *** piety under Uskayaw
  4408 | D:4      | Killed an ogre
  4409 | D:4      | Reached skill level 1 in Fighting
  4409 | D:4      | Reached skill level 1 in Ice Magic
  4409 | D:4      | Reached skill level 1 in Invocations
  4409 | D:4      | Reached XP level 6. HP: 14/43 MP: 1/9
  5108 | D:4      | Reached skill level 1 in Throwing
  5639 | D:4      | Reached XP level 7. HP: 48/48 MP: 10/10
  5721 | D:4      | HP: 2/48 [poisoned by a scorpion]
  5722 | D:4      | Succumbed to a scorpion's poison

Illustrated notes

Levels and vault maps discovered:
D:1:      minmay_arrival_shattered_statue, layout_basic,
          hellmonk_ecumenical_altar_arch_garden, serial_forest,
          infiniplex_forest_corner_1, infiniplex_forest_pool,
          infiniplex_forest_straight_4, infiniplex_forest_lined_corner,
          infiniplex_forest_clump_small, infiniplex_forest_lined_4_way,
          hangedman_abyss_or_decor_lesser_grid, st_stairs_6
D:2:      kennysheep_big_flooded_room, layout_basic
D:3:      layout_loops_ring, grunt_temple_overflow_diamond
D:4:      layout_loops_ring, serial_aquarium, aquarium_bridge_square
          [aquarium_subvault_bridge, aquarium_subvault_wall,
          aquarium_subvault_wall, aquarium_subvault_bridge],
          aquarium_window_fake, aquarium_window_fake, aquarium_view_2e,
          aquarium_view_2e, aquarium_pool_2, chequers_serial_rivers_micro_d

Skill      XL: |  1  2  3  4  5  6 |
---------------+-------------------+-----
Short Blades   | 2 |  2.7
Fighting       | 1 |  1.5
Stealth        | 4 |  4.3
Ice Magic      | 1 |  1.2
Invocations    | 1 |  1.7
Throwing       | 1 |  1.0
Hexes          | 4 |  4.1
Dodging        | |  2.7
Spellcasting   | |  2.6

Action                   |  1- 3 |  4- 6 |  7- 9 || total
-------------------------+-------+-------+-------++-------
Melee: Dagger            |    86 |   132 |       ||   218
       Short sword       |       |     5 |    11 ||    16
 Fire: Hunting sling     |       |    10 |       ||    10
Throw: Dart              |       |    10 |       ||    10
       Boomerang         |       |    26 |       ||    26
       Javelin           |       |     2 |       ||     2
 Cast: Ensorcelled Hiber |    25 |    19 |       ||    44
       Corona            |     2 |       |       ||     2
       Confusing Touch   |       |     1 |       ||     1
Invok: Stomp             |       |     3 |       ||     3
       Line Pass         |       |       |     1 ||     1
Evoke: Wand              |       |     1 |       ||     1
  Use: Scroll            |       |     8 |       ||     8
       Potion            |       |       |     1 ||     1
 Stab: Sleeping          |    25 |    11 |       ||    36
       Distracted        |     1 |     1 |       ||     2
       Confused          |       |     1 |       ||     1
       Paralysed         |       |     2 |       ||     2
Armor: Robe              |    22 |       |       ||    22
       Leather armour    |       |    33 |     1 ||    34
Dodge: Dodged            |    51 |    79 |     2 ||   132

Table legend: (Time is in decaauts)
 A = Elapsed time spent in this place.
 B = Non-inter-level travel time spent in this place.
 C = Inter-level travel time spent in this place.
 D = Time resting spent in this place.
 E = Time spent auto-exploring this place.
 F = Levels seen in this place.
 G = Mean time per level.
                   A        B        C        D        E       F      G
               +--------+--------+--------+--------+--------+-----+--------+
         Total |   5710 |   5318 |    392 |   1546 |   2705 |   4 | 1427.5 |
       Dungeon |   5710 |   5318 |    392 |   1546 |   2705 |   4 | 1427.5 |
               +--------+--------+--------+--------+--------+-----+--------+

Top non-repeatable levels by time:
     D:1: 2247 daAuts
     D:3: 1579 daAuts
     D:2: 1394 daAuts
     D:4: 489 daAuts
